[Event "56th Biel Festival MTO 2023"]
[White "Adam,Rafael"]
[Black "Ozcan,Kaan"]
[Site "Biel"]
[Round "3.44"]
[Annotator "RC"]
[Result "1-0"]
[Date "2023.07.19"]
[WhiteElo "2117"]
[BlackElo "2196"]
[PlyCount "155"]
[TimeControl "60"]

1. Nf3 d5 2. d4 Nf6 3. c4 c6 4. e3 Bf5 5. Nc3 e6 6. Nh4 Be4 7. f3 Bg6 8. Qb3 Qc7 9. g3 Be7 10. Bd2 Nbd7 11. cxd5 exd5 12. Be2 a5 13. Nxg6 hxg6 14. e4 dxe4 15. fxe4 Bb4 16. e5 Bxc3 17. bxc3 Nd5 18. O-O Qb6 19. Qa3 Rf8 20. Rab1 Qc7 21. c4 Ne7 22. Bg5 f6 23. exf6 Nxf6 24. Bf4 Qd7 25. Rbd1 Kf7 26. Bf3 Rfd8 27. Rfe1 Re8 28. Be5 Kg8 29. Qc3 Rf8 30. Bg2 a4 31. Qb4 Rfe8 32. Bd6 Rf8 33. Be5 Rf7 34. h3 g5 35. Rf1 g4 36. h4 Ng6 37. Bd6 Rd8 38. c5 Ra8 39. Rb1 Qe6 40. Rf2 Re8 41. Qxa4 Qe3 42. Qb3 Qxd4 43. Rd1 Qe3 44. Qxe3 Rxe3 45. Rb1 Rd3 46. Rfb2 Nf8 47. Rxb7 Rxb7 48. Rxb7 Rd1+ 49. Kf2 Rd2+ 50. Kf1 Ne6 51. Be5 Nxc5 52. Rb2 Rxb2 53. Bxb2 Nd5 54. Ke2 Kf7 55. Bd4 Ne6 56. Bb2 Nc5 57. Bd4 Ne6 58. Be5 Nc5 59. Kd2 g6 60. Bd6 Nb7 61. Ba3 Nd8 62. Kd3 Ne6 63. Bd6 Ke8 64. Ke4 Nc3+ 65. Ke5 Nd8 66. Kf6 Nxa2 67. Kxg6 Kd7 68. Be5 Nb4 69. Be4 Nd5 70. Bxd5 cxd5 71. Bf6 Ne6 72. h5 d4 73. h6 d3 74. Bc3 Nf8+ 75. Kf7 Nh7 76. Bd2 Kd8 77. Kg7 Ke7 78. Kxh7 1-0

[Event "56th Biel Festival MTO 2023"]
[White "Ammar,Sedrani"]
[Black "Akshit Kumar J"]
[Site "Biel"]
[Round "3.45"]
[Annotator "RC"]
[Result "0-1"]
[Date "2023.07.19"]
[WhiteElo "2154"]
[BlackElo "2105"]
[PlyCount "100"]
[TimeControl "60"]

1. d4 d5 2. c4 c6 3. cxd5 cxd5 4. Bg5 Qb6 5. Nc3 Bg4 6. f3 Bh5 7. Qa4+ Nc6 8. Nxd5 Qxb2 9. Rc1 Rc8 10. e4 e6 11. Bb5 exd5 12. Bxc6+ Rxc6 13. Rxc6 Qb4+ 14. Qxb4 Bxb4+ 15. Kf2 bxc6 16. Ne2 dxe4 17. Rb1 Bd6 18. fxe4 f6 19. Bf4 Be7 20. Ng3 Bg4 21. Rb8+ Kf7 22. d5 cxd5 23. exd5 g5 24. Bc7 Bc5+ 25. Kf1 Kg7 26. h3 Bd7 27. Ne4 Bd4 28. Bd6 Bf5 29. Ng3 Bd3+ 30. Ke1 f5 31. Kd2 Be4 32. Ne2 Bf6 33. Bf8+ Kf7 34. d6 Ke6 35. Rb5 h5 36. Ra5 Nh6 37. Bxh6 Rxh6 38. Ra6 Bxg2 39. Nd4+ Bxd4 40. d7+ Kxd7 41. Rxh6 h4 42. Rg6 Be5 43. Ke2 Bf4 44. Rg7+ Kc6 45. Rxa7 Bxh3 46. a4 Bg2 47. Kf2 Be4 48. Rh7 Kb6 49. Ke2 Bg3 50. Ke3 g4 0-1

[Event "56th Biel Festival MTO 2023"]
[White "Ludwig,Peter"]
[Black "Lorscheid,Gerhard"]
[Site "Biel"]
[Round "3.46"]
[Annotator "TA"]
[Result "0-1"]
[Date "2023.07.19"]
[WhiteElo "2147"]
[BlackElo "2099"]
[PlyCount "68"]
[TimeControl "60"]

1. Nf3 d5 2. c4 c6 3. g3 Bg4 4. Bg2 e6 5. O-O Nd7 6. d4 Ngf6 7. Nbd2 Be7 8. b3 O-O 9. Bb2 a5 10. a3 h6 11. Re1 Bf5 12. Ne5 Bh7 {[%emt 0:4:33] D11: Slav Defence: 3 Nf3 sidelines and 3...Nf6 4 e3 Bg4.} 13. e3 {[%emt 0:1:45] [#]} Qc7 $146 ({Predecessor:} 13... Nxe5 14. dxe5 Nd7 15. e4 Nc5 16. cxd5 cxd5 17. exd5 exd5 18. Bd4 Ne6 19. Nf1 Rc8 {½-½ Tomecek,J (2191)-Pacl,V (2287) MOR-chT2N 0203 2002 (9)} )14. Qe2 Rfd8 {[%emt 0:4:21] Black has an edge.} 15. Rac1 Nxe5 16. dxe5 Nd7 17. cxd5 Nxe5 (17... exd5 $11 18. e4 d4 )18. Bxe5 (18. e4 $1 $14 )Qxe5 $11 19. Nc4 Qc7 20. dxc6 bxc6 21. Qf3 Rab8 22. Qh5 Rb5 23. Qe2 (23. Qf3 $11 {keeps the balance.} )Rxb3 $17 24. Red1 Bd3 $36 {[%emt 0:6:45][%mdl 2048] Black is on the roll. Black is more active.} 25. Qe1 Bxa3 (25... Bxc4 $17 26. Rxc4 c5 27. Rxd8+ Qxd8 )26. Nxa3 (26. Qxa5 $11 Bd6 27. Bf1 Bxf1 28. Kxf1 )Rxa3 27. Rxc6 Qb8 28. Rc3 Rxc3 29. Qxc3 Be2 30. Re1 Qb5 31. Bc6 {[%emt 0:0:22] [#]} Qa6 32. Be4 Bg4 (32... a4 $19 {aiming for ...a3.} 33. Ra1 f5 )33. Ra1 Bh3 34. Qe5 $2 (34. Qc6 $17 Qxc6 35. Bxc6 )Qe2 {[%emt 0:1:20] Weighted Error Value: White=0.46/Black=0.20 (precise)} 0-1

[Event "56th Biel Festival MTO 2023"]
[White "Schnell,Simon"]
[Black "Jaksland,Tim"]
[Site "Biel"]
[Round "3.47"]
[Annotator "TA"]
[Result "1/2-1/2"]
[Date "2023.07.19"]
[WhiteElo "2029"]
[BlackElo "2136"]
[PlyCount "59"]
[TimeControl "60"]

1. d4 Nf6 2. c4 e6 3. Nc3 Bb4 4. e3 O-O 5. Bd2 d5 6. Nf3 b6 7. cxd5 exd5 8. Bd3 {[%emt 0:0:0] E51: Nimzo-Indian: Rubinstein: 4...0-0 5 Nf3 d5.} Bd6 9. Rc1 c5 10. O-O {[%emt 0:7:26] The position is equal.} Re8 11. Nb5 Bf8 12. Ne5 Bb7 {[%emt 0:4:13][%cal Bc8b7,Bb7c6,Bc6b5][%mdl 32] [#]} 13. f3 $146 ({Predecessor:} 13. Be1 Nc6 14. f4 a6 15. Nc3 cxd4 16. Nxc6 Bxc6 17. exd4 Ne4 18. Bb1 Bb7 19. Qd3 {½-½ Kojima,S (2499)-Yamada,K (2280) Tokyo Qual for Asian Games 2022 (10)} )Nc6 14. Nxc6 Bxc6 15. Nc3 ({White should play} 15. b3 $15 )Qd7 ({Better is} 15... c4 $1 $17 16. Bc2 b5 )16. Bb1 Rad8 17. Ne2 Bb5 18. Re1 Bd6 19. Ng3 Qc7 20. Kf2 (20. dxc5 $11 {was preferrable.} bxc5 21. a4 )Qb8 ({Don't play} 20... Bxg3+ 21. hxg3 g6 22. g4 $11 )(20... g6 $17 21. a4 Ba6 )21. Bc3 $11 c4 22. Nf1 Bd7 (22... Bxh2 $2 23. g3 $18 )23. Kg1 b5 24. a3 Bc6 25. Qd2 Re7 26. Kh1 Ree8 (26... Rde8 $15 )27. Ba5 {[%emt 0:1:11] [#]} (27. Kg1 $11 )g6 28. Ng3 {[%emt 0:6:48] [#]} (28. Bxd8 $14 Qxd8 29. Qf2 )h5 29. Re2 {[%emt 0:0:37] [#]} (29. Bxd8 $14 Qxd8 30. Qf2 )Re7 30. Ree1 $2 {[%emt 0:4:16] Weighted Error Value: White=0.28 (precise) /Black=0.37} (30. Bxd8 $16 {stays on course.} Qxd8 31. e4 Bxg3 32. e5 (32. hxg3 dxe4 33. fxe4 Nxe4 $14 ))1/2-1/2

[Event "56th Biel Festival MTO 2023"]
[White "Misiano,Franco"]
[Black "Stijve,Niels"]
[Site "Biel"]
[Round "3.48"]
[Annotator "TA"]
[Result "1-0"]
[Date "2023.07.19"]
[WhiteElo "2133"]
[BlackElo "2088"]
[PlyCount "57"]
[TimeControl "60"]

1. e4 c5 2. Nf3 e6 3. d4 cxd4 4. Nxd4 a6 5. Nc3 b5 6. Bd3 Qb6 7. Nf3 Qc7 8. O-O Bb7 {[%emt 0:0:0] B43: Sicilian: Kan Variation: 5 Nc3.} 9. Re1 Be7 10. Bd2 (10. e5 $5 )Nc6 {[%emt 0:0:0] The position is equal.} 11. a4 b4 12. Na2 (12. Nd5 $5 exd5 13. exd5 $11 )Nf6 {[%emt 0:21:47] [#]} 13. e5 $146 ({Predecessor:} 13. c3 bxc3 14. Bxc3 a5 15. Nd4 O-O 16. Nb5 Qb8 17. Rc1 Ne5 18. Bb1 Rd8 19. Bd4 {0-1 Andreev,E (2441)-David,A (2572) Paleochora op 9th 2016 (5)} )Ng4 14. Bf4 f6 (14... Qb6 $6 15. Qd2 $11 )(14... Bc5 $17 15. Bg3 h5 )15. h3 fxe5 {[%emt 0:14:36] [#] White must now prevent ...Nxf2.} 16. Bg3 Nf6 {[%emt 0:2:12] White should prevent ...0-0.} 17. Nxe5 {[%emt 0:0:44][%cal Oe5f7] Hoping for Nf7!} ({Of course not} 17. Bxe5 Nxe5 18. Nxe5 Bc5 $19 )Nxe5 18. Bxe5 Qc6 19. f3 {[%emt 0:0:32] Active counter play!} Bc5+ (19... Qxa4 $11 20. Kh1 O-O )20. Kh1 $14 O-O 21. c3 bxc3 22. Nxc3 Nh5 (22... Bb4 $11 {keeps the balance.} )23. Ne4 (23. Qc2 $16 h6 24. Rac1 )Bb4 $11 24. Rc1 Qb6 (24... Qd5 $5 25. Nc3 Qa5 $14 )25. Rf1 (25. Ng5 $14 Qa5 26. Bxh7+ Kh8 27. f4 (27. Re3 Qd5 $16 ))Rf5 {[%emt 0:4:48] [#]} 26. Kh2 $2 d5 $2 ({Black should try} 26... Rxe5 $19 27. f4 Rd5 )27. Ng3 $2 (27. Bc7 $11 {and White stays safe.} Qe3 28. Nf2 )Rg5 $4 (27... Rxe5 $19 {and all is fine.} 28. Nxh5 Rxh5 )28. Nxh5 ({Less strong is} 28. f4 Nxg3 29. fxg5 Nxf1+ 30. Qxf1 Rf8 $14 )(28. Bc7 $142 Qa7 29. Nxh5 Rxh5 30. f4 )Rxh5 $2 (28... Rxe5 29. f4 Rf5 )29. Qe2 $4 {[%emt 0:0:30][%mdl 40960] Weighted Error Value: White=0.94/Black=0.65. Loss on time!?} (29. f4 $18 Rh4 30. g3 )1-0

[Event "56th Biel Festival MTO 2023"]
[White "Giacomini,Hector"]
[Black "Hornung,Hans"]
[Site "Biel"]
[Round "3.49"]
[Annotator "TA"]
[Result "0-1"]
[Date "2023.07.19"]
[WhiteElo "2126"]
[BlackElo "2047"]
[PlyCount "90"]
[TimeControl "60"]

1. Nf3 Nf6 2. e3 g6 3. d4 Bg7 4. c4 O-O 5. Be2 d6 6. Nc3 Nbd7 7. O-O e5 8. Qc2 Re8 9. Rd1 e4 {[%emt 0:0:0] 9...c6 is not played anymore.} 10. Nd2 Qe7 {[%emt 0:0:0] E61: King's Indian: Early deviations for White, including Smyslov System.} 11. b4 Nf8 12. a4 Bf5 {[%emt 0:0:0] White is slightly better.} 13. b5 {[%emt 0:0:0] [#]} Ne6 $146 ({Predecessor:} 13... h5 14. Ba3 Ne6 15. Nf1 h4 16. c5 h3 17. g3 Ng5 18. Nd2 Bh6 19. Re1 Qe6 {0-1 Pikula,D (2351)-Ozguner,H (2165) Arandjelovac ASK-3 IM 2021 (4)} )14. Nf1 (14. Ndxe4 Nxe4 15. Nxe4 Bxe4 16. Qxe4 Nxd4 17. Rxd4 Qxe4 18. Rxe4 Bxa1 19. Rxe8+ Rxe8 $17 )Ng4 15. Nd5 (15. Qd2 $14 )Qh4 $15 16. Bxg4 Bxg4 (16... Qxg4 17. Ng3 $14 )17. Re1 c6 18. bxc6 bxc6 19. Nc3 (19. Nf4 $17 )Ng5 $19 20. Ba3 {[%emt 0:23:56] [#]} (20. Kh1 {is the only way for White.} )Nf3+ $1 {[%emt 0:4:13][%mdl 576] Double Attack} 21. Kh1 {[%emt 0:0:30][%cal Oa3d6] [#]} (21. gxf3 Bxf3 22. Ne2 Bh6 )Rad8 22. Red1 {[%emt 0:12:6] [#]} f5 $1 23. Ra2 {[%emt 0:8:31] [#]} (23. Rdb1 c5 )c5 $1 24. Nb5 (24. Nd5 cxd4 )a6 $40 {[%emt 0:6:19][%mdl 128] Black attacks with force.} 25. Nxd6 (25. Nc7 Re7 26. Nd5 )Rxd6 26. Bxc5 Rc6 {[%emt 0:1:6][%cal Og6g5] Strongly threatening ...g5!} 27. Rb1 {[%emt 0:9:3] [#]} g5 $1 28. Rb6 {[%emt 0:3:19] [#]} Rxc5 $1 29. Qb3 (29. a5 Bh3 )Nxd4 30. exd4 Bxd4 31. Rb8 Rce5 32. c5+ Kf8 $2 (32... Kg7 $1 $19 33. Rxe8 Rxe8 34. Qb7+ Kf8 )33. Rd2 $2 (33. c6 $11 {and White stays safe.} Bxf2 34. c7 )Bxf2 $4 (33... Rxb8 34. Qxb8+ Kf7 35. Qb7+ (35. Rxd4 Qxf2 36. Rd7+ Re7 $11 )Kf6 36. Qc6+ Re6 37. Qd5 $16 )(33... e3 $19 {and life is good for Black.} 34. fxe3 Qe1 )34. Rd7 (34. Qb6 $1 $18 Bd4 35. Qf6+ Kg8 36. Rxd4 )Qh5 $11 (34... Rxc5 $2 35. Qf7# )35. Rbb7 $2 (35. Rxe8+ $11 Qxe8 36. Rxh7 )R5e7 $19 (35... Rxc5 {gets mated.} 36. Rg7 )(35... Bxc5 $2 36. Rf7+ Kg8 37. Rxh7+ R5e6 38. Rxh5 Bxh5 39. Qd5 $18 )36. c6 $2 {[%emt 0:2:16][%mdl 8192] [#] This move loses the game for White.} ({White has to play} 36. Qc3 $15 Qg6 37. h3 )f4 $1 37. Rxe7 Rxe7 38. Rb8+ Re8 39. Qb4+ Kf7 40. Rb7+ $2 (40. Rxe8 Kxe8 41. Qxe4+ Kd8 42. c7+ Kc8 43. Qe7 )Kg6 {[%emt 0:2:10] ...e3 would be deadly.} 41. Qd6+ {[%emt 0:0:26] [#]} Be6 $1 42. c7 Kf5 (42... f3 $142 43. Rb3 Qg4 44. Ng3 Bxg3 45. Qxg3 Qxg3 {[%mdl 64] Remove Defender} 46. hxg3 Bxb3 47. gxf3 e3 {[%mdl 64] Zwischenzug} 48. Kg2 Bd5 49. g4 a5 50. c8=B Rxc8 51. Kg3 Rc1 52. Kg2 e2 53. Kh3 e1=Q 54. Kh2 Bxf3 55. Kh3 Qh4# )43. Rb8 (43. Qd2 $142 Rc8 44. Qxf2 )f3 {[%emt 0:0:0] ( -> ...fxg2+)} 44. Rb2 fxg2+ 45. Kxg2 Qf3# {[%emt 0:0:0] Weighted Error Value: White=1.37/Black=1.03} 0-1

[Event "56th Biel Festival MTO 2023"]
[White "Liu,Yan"]
[Black "Aryan Chopra"]
[Site "Biel"]
[Round "4.1"]
[Annotator "ChessBase"]
[Result "1-0"]
[Date "2023.07.20"]
[WhiteElo "2542"]
[BlackElo "2626"]
[PlyCount "69"]
[TimeControl "60"]

1. c4 c6 2. Nf3 d5 3. d4 Nf6 4. e3 Bf5 5. Nc3 e6 6. Nh4 Be4 7. f3 Bg6 8. Qb3 Qc7 9. Bd2 Be7 10. Nxg6 hxg6 11. cxd5 Nxd5 12. O-O-O Nxc3 13. Bxc3 a5 14. g4 Nd7 15. Kb1 b5 16. Qc2 Rc8 17. e4 O-O 18. h4 b4 19. Be1 c5 20. h5 cxd4 21. Qxc7 Rxc7 22. Bg3 e5 23. hxg6 fxg6 24. Rxd4 Rxf3 25. Be2 Rf7 26. Bc4 Rxc4 27. Rxc4 Rf3 28. Rd1 Rxg3 29. Rxd7 Bg5 30. Ra7 Rxg4 31. Rc8+ Kh7 32. Raa8 Rg1+ 33. Kc2 Rc1+ 34. Kd3 Rxc8 35. Rxc8 1-0

[Event "56th Biel Festival MTO 2023"]
[White "Nguyen,Ngoc Truong Son"]
[Black "Samant Aditya S"]
[Site "Biel"]
[Round "4.2"]
[Annotator "RC"]
[Result "1/2-1/2"]
[Date "2023.07.20"]
[WhiteElo "2645"]
[BlackElo "2510"]
[PlyCount "90"]
[TimeControl "60"]

1. d4 Nf6 2. c4 e6 3. Nf3 d5 4. Nc3 Be7 5. Bf4 O-O 6. e3 Nbd7 7. Be2 dxc4 8. Bxc4 a6 9. a4 c5 10. O-O cxd4 11. Qxd4 Qa5 12. Rfd1 b6 13. Bd6 Bxd6 14. Qxd6 Bb7 15. Bd5 Nc5 16. b4 Qxb4 17. Bxb7 Ne8 18. Qc6 Rb8 19. Bxa6 Qxc3 20. a5 Nf6 21. Rdc1 Qb4 22. axb6 Nb3 23. Ra4 Qxb6 24. Qxb6 Rxb6 25. Rc2 h6 26. g3 Ra8 27. Bd3 Rd8 28. Ne5 Rbd6 29. Be2 Nd7 30. Nf3 Nbc5 31. Rac4 Na6 32. h4 g6 33. Kg2 Kg7 34. g4 Nb6 35. Rd4 Nb8 36. Bb5 Rxd4 37. Nxd4 Nd5 38. Kg3 Nd7 39. g5 hxg5 40. hxg5 Nf8 41. Nf3 Rb8 42. Be2 Rb7 43. e4 Rc7 44. Rxc7 Nxc7 45. Kf4 Nd7 1/2-1/2

[Event "56th Biel Festival MTO 2023"]
[White "Sukandar,Irine Kharisma"]
[Black "Bu,Xiangzhi"]
[Site "Biel"]
[Round "4.3"]
[Annotator "TA"]
[Result "0-1"]
[Date "2023.07.20"]
[WhiteElo "2358"]
[BlackElo "2676"]
[PlyCount "76"]
[TimeControl "60"]

1. e4 c5 2. Nf3 d6 3. Bb5+ Nd7 4. Ba4 Ngf6 5. d3 g6 6. O-O {[%emt 0:0:0] B51: Sicilian: Moscow Variation (3 Bb5+) without 3...Bd7.} Bg7 7. c4 O-O 8. h3 {[%emt 0:0:0] The position is equal.} b6 9. Bc6 Rb8 10. Nc3 Ne5 11. Nxe5 dxe5 {[%emt 0:0:3] [#]} 12. Be3 $146 ({Predecessor:} 12. Bg5 Nh5 13. Rb1 h6 14. Be3 Bb7 15. Bxb7 Rxb7 16. Ne2 Rd7 17. Qc2 e6 18. Rfd1 {0-1 Jareno Espinosa,E (1910)-Martinez Puigros,R (1882) ESP AEAC W/P/123 email 2020} )Nh5 13. Rb1 Nf4 14. b4 cxb4 15. Rxb4 (15. Nd5 $11 )Qd6 $17 (15... Qxd3 16. Nd5 $11 )16. Qa4 Qf6 {[%emt 0:5:0] Black is more active.} (16... Nxd3 $6 17. Rb3 $11 )(16... Qxd3 17. Bxf4 exf4 18. Nd5 $11 )(16... Nxh3+ $1 $17 17. gxh3 Bxh3 )17. Kh2 $2 (17. Qxa7 $2 {is the wrong capture.} Bxh3 18. Bxf4 exf4 19. gxh3 Qg5+ 20. Kh1 Bxc3 $19 )(17. Bxf4 $11 exf4 18. Nd5 (18. Qxa7 $2 Bxh3 19. gxh3 Qg5+ 20. Kh1 Bxc3 $19 ))Qg5 $19 ({But not} 17... Nxd3 18. Nd5 Qd6 19. Rb3 $16 )18. Rg1 Qh4 $1 {[%emt 0:1:29][%cal Rc8h3] ( -> ...Bxh3!)} 19. Bd7 {[%emt 0:4:9] [#]} b5 $1 ({Not} 19... Nxd3 20. g3 Qh5 21. Bxc8 Rbxc8 22. Nd5 $15 )20. Bxc8 bxa4 21. Rxb8 Nxd3 (21... e6 $19 22. c5 h5 )22. f3 $2 (22. g3 $17 Qf6 23. c5 Nxc5 24. Bxc5 )Qf6 $2 (22... e6 $19 {and Black stays clearly on top.} 23. Rd1 Nf4 24. Nxa4 Bh6 )23. c5 $17 {[%emt 0:6:48] [#]} Nxc5 $1 {[%emt 0:0:23][%mdl 576] Decoy} 24. Bxc5 {[%emt 0:0:20] aiming for Nd5.} Qc6 {[%emt 0:0:6][%csl LRc5,LRc8] Prevents Nd5} 25. Bxe7 Rxc8 26. Rxc8+ Qxc8 27. Nd5 (27. Rd1 $17 Qxc3 28. Rd8+ Bf8 29. Bxf8 )f5 $2 (27... Qc2 $19 {[%cal Og7h6] Strongly threatening ...Bh6!} 28. Bg5 Qxa2 )28. Ba3 $2 (28. Bg5 $1 $11 {and White stays safe.} Qa6 29. Rc1 )Bf8 $19 29. Rc1 Qa6 30. Bxf8 Kxf8 {[%emt 0:0:2][%mdl 4096] Endgame KQ-KRN} 31. Rc7 (31. Rc2 {was worth a try.} )h5 {[%emt 0:4:4] ...fxe4 is the strong threat.} 32. Rd7 $2 (32. Rc2 )fxe4 {[%emt 0:4:7] Black is clearly winning.} 33. fxe4 Qe2 34. Rxa7 Qxe4 35. Ra5 Qd4 36. Kh1 e4 37. Nf4 Qd1+ 38. Kh2 Qd6 {[%emt 0:0:6] Weighted Error Value: White=0.87/Black=0.52} 0-1

[Event "56th Biel Festival MTO 2023"]
[White "Yuffa,Daniil"]
[Black "Muthaiah AL"]
[Site "Biel"]
[Round "4.4"]
[Annotator "ChessBase"]
[Result "1/2-1/2"]
[Date "2023.07.20"]
[WhiteElo "2603"]
[BlackElo "2445"]
[PlyCount "47"]
[TimeControl "60"]

1. Nf3 d5 2. c4 c6 3. d4 Nf6 4. Nc3 dxc4 5. a4 Bf5 6. e3 e6 7. Bxc4 Bb4 8. O-O O-O 9. Qe2 Bg6 10. Ne5 Nbd7 11. Nxg6 hxg6 12. Rd1 Qa5 13. Qc2 Rad8 14. Bd2 Nb6 15. Bb3 c5 16. dxc5 Qxc5 17. Be1 a5 18. Qe2 Qh5 19. Qxh5 gxh5 20. Kf1 Rxd1 21. Rxd1 Rc8 22. Nb5 Bxe1 23. Kxe1 Kf8 24. Nd6 1/2-1/2

[Event "56th Biel Festival MTO 2023"]
[White "Quesada Perez,Luis Ernesto"]
[Black "Harikrishnan.A.Ra"]
[Site "Biel"]
[Round "4.5"]
[Annotator "RC"]
[Result "1/2-1/2"]
[Date "2023.07.20"]
[WhiteElo "2553"]
[BlackElo "2406"]
[PlyCount "160"]
[TimeControl "60"]

1. d4 d5 2. c4 c6 3. Nf3 Nf6 4. e3 Bf5 5. Nc3 e6 6. Nh4 Be4 7. f3 Bg6 8. Qb3 Qc7 9. Bd2 a5 10. cxd5 Nxd5 11. e4 Nxc3 12. bxc3 b5 13. g3 Be7 14. Nxg6 hxg6 15. Kf2 Nd7 16. Kg2 g5 17. Be2 O-O 18. Qc2 e5 19. Qc1 Rfd8 20. Rd1 Nf8 21. Be3 Bf6 22. Rb1 b4 23. dxe5 Rxd1 24. Bxd1 Qxe5 25. cxb4 axb4 26. Bb3 g4 27. Qxc6 gxf3+ 28. Kxf3 Qh5+ 29. Kg2 Rd8 30. Qc4 Ne6 31. Rf1 Bd4 32. Bc1 Qg4 33. Qc2 Bf6 34. Bd5 Ng5 35. Bxg5 Qxg5 36. Qc4 Qd2+ 37. Rf2 Qc3 38. Bxf7+ Kf8 39. Qe6 Qe5 40. Qxe5 Bxe5 41. Bb3+ Ke7 42. Kh3 Rh8+ 43. Kg4 Rh6 44. Rc2 Kd6 45. Rd2+ Ke7 46. Rd5 Bc3 47. h4 Rg6+ 48. Kf3 Be1 49. g4 Bxh4 50. Rb5 Rf6+ 51. Ke3 Rg6 52. Rb7+ Kd8 53. Kf4 Rf6+ 54. Ke5 Bg3+ 55. Kd5 Rd6+ 56. Kc5 Rg6 57. Kxb4 Rxg4 58. Bd5 Bc7 59. Ra7 Rg1 60. Ra8+ Kd7 61. Rg8 Be5 62. a4 Rb1+ 63. Bb3 Rc1 64. Bc2 Rd1 65. Bd3 Kc6 66. Kc4 Kd7 67. Ra8 g5 68. Rg8 Bf4 69. a5 Ra1 70. Kb5 Kd6 71. a6 Be3 72. Be2 Rb1+ 73. Kc4 Ra1 74. Kb3 Ra5 75. Kb4 Bd2+ 76. Kc4 Be3 77. Bf3 Ke5 78. Rg6 Ra1 79. Kd3 Ra3+ 80. Ke2 Bf4 1/2-1/2

[Event "56th Biel Festival MTO 2023"]
[White "Pranav Anand"]
[Black "Materia,Marco"]
[Site "Biel"]
[Round "4.6"]
[Annotator "RC"]
[Result "1-0"]
[Date "2023.07.20"]
[WhiteElo "2510"]
[BlackElo "2436"]
[PlyCount "111"]
[TimeControl "60"]

1. e4 c5 2. Nf3 e6 3. d4 cxd4 4. Nxd4 Nc6 5. Nc3 Qc7 6. Be3 a6 7. Qf3 Bd6 8. Nxc6 bxc6 9. O-O-O Be5 10. Bd4 Bxd4 11. Rxd4 d5 12. Bd3 Bb7 13. exd5 cxd5 14. Re1 Nf6 15. g4 Qc5 16. Qe3 Kf8 17. g5 Nd7 18. f4 Rc8 19. h4 Nb8 20. Ra4 Qxe3+ 21. Rxe3 g6 22. Ne2 Kg7 23. h5 Rhd8 24. h6+ Kf8 25. Nd4 Rd6 26. Be2 Rb6 27. Rb3 Rxb3 28. axb3 Ke7 29. b4 Rc7 30. Nb3 Kd6 31. Nc5 Kc6 32. Nd3 Kb6 33. Ne5 Re7 34. Kd2 Nd7 35. Ng4 Re8 36. c3 Bc8 37. Ra1 f5 38. gxf6 Rf8 39. Ke3 Nxf6 40. Nxf6 Rxf6 41. Bd3 Bb7 42. b3 d4+ 43. cxd4 Rf8 44. Ra5 Rd8 45. Bc4 Rd6 46. Re5 Bc8 47. Kd3 a5 48. Ke3 Kc7 49. Kd3 Kd8 50. Rc5 Bd7 51. Ke4 Rb6 52. Ke5 Rd6 53. Kf6 Rxd4 54. Kg7 Bc8 55. Kxh7 Rxf4 56. Kg7 1-0

[Event "56th Biel Festival MTO 2023"]
[White "Saraci,Nderim"]
[Black "Deuer,Marius"]
[Site "Biel"]
[Round "4.7"]
[Annotator "RC"]
[Result "0-1"]
[Date "2023.07.20"]
[WhiteElo "2472"]
[BlackElo "2374"]
[PlyCount "122"]
[TimeControl "60"]

1. e4 c6 2. d4 d5 3. exd5 cxd5 4. Bd3 Nf6 5. c3 Bg4 6. Qb3 Qc7 7. h3 Bd7 8. Ne2 Nc6 9. O-O e6 10. Bf4 Bd6 11. Bxd6 Qxd6 12. Nd2 Rb8 13. a4 O-O 14. Nf3 Rfe8 15. Rfe1 g6 16. Qa3 Qc7 17. a5 Kg7 18. Ng3 e5 19. dxe5 Nxe5 20. Nxe5 Rxe5 21. Rxe5 Qxe5 22. Qc5 b6 23. axb6 axb6 24. Qb4 h5 25. Nf1 Qg5 26. Kh2 d4 27. cxd4 Bc6 28. Ne3 Re8 29. d5 Nxd5 30. Nxd5 Bxd5 31. Qd4+ Qe5+ 32. Qxe5+ Rxe5 33. Ra4 Bc6 34. Rb4 b5 35. Rd4 Kf6 36. f4 Re3 37. b4 Ke7 38. Kg1 Re1+ 39. Kf2 Rd1 40. g3 Rd2+ 41. Ke3 Rg2 42. Be4 Rxg3+ 43. Kf2 Rc3 44. Bxc6 Rxc6 45. Rd5 Rc4 46. Rxb5 Rxf4+ 47. Kg3 Rc4 48. h4 Ke6 49. Rb7 f6 50. b5 Rg4+ 51. Kh3 Rb4 52. b6 Kf5 53. Rb8 Rb3+ 54. Kg2 Kg4 55. b7 Rb2+ 56. Kg1 g5 57. hxg5 fxg5 58. Ra8 Rxb7 59. Ra4+ Kh3 60. Ra3+ Kh4 61. Ra4+ g4 0-1

[Event "56th Biel Festival MTO 2023"]
[White "Chasin,Nico"]
[Black "Peng,Xiongjian"]
[Site "Biel"]
[Round "4.8"]
[Annotator "RC"]
[Result "0-1"]
[Date "2023.07.20"]
[WhiteElo "2455"]
[BlackElo "2489"]
[PlyCount "60"]
[TimeControl "60"]

1. d4 d5 2. c4 c6 3. Nf3 Nf6 4. e3 e6 5. Qc2 Nbd7 6. Nc3 Be7 7. Be2 dxc4 8. Bxc4 c5 9. O-O a6 10. a4 Qc7 11. Qe2 O-O 12. a5 b5 13. axb6 Nxb6 14. Bd3 Bb7 15. dxc5 Bxc5 16. Bd2 Rfd8 17. Bxa6 Rxa6 18. Rxa6 Ng4 19. Rd1 Nc4 20. h3 Bxf3 21. Qxf3 Qh2+ 22. Kf1 Nxd2+ 23. Ke2 Nxf3 24. Rxd8+ Bf8 25. Raa8 h6 26. Rxf8+ Kh7 27. hxg4 Qxg2 28. Ra4 Ne5 29. Rd8 Nxg4 30. Rf4 f5 0-1

[Event "56th Biel Festival MTO 2023"]
[White "Morawietz,Dieter"]
[Black "Albornoz Cabrera,Carlos Daniel"]
[Site "Biel"]
[Round "4.9"]
[Annotator "RC"]
[Result "0-1"]
[Date "2023.07.20"]
[WhiteElo "2396"]
[BlackElo "2591"]
[PlyCount "90"]
[TimeControl "60"]

1. e4 c5 2. Nf3 d6 3. d4 cxd4 4. Nxd4 Nf6 5. Nc3 a6 6. Be3 e5 7. Nb3 Be7 8. Be2 Be6 9. O-O O-O 10. a4 Nc6 11. Qd2 Nb4 12. Rad1 Rc8 13. f4 Ng4 14. Bxg4 Bxg4 15. Rc1 Be6 16. Nd5 Nxd5 17. exd5 Bg4 18. c4 Qd7 19. a5 Qa4 20. Na1 exf4 21. Bxf4 Rfe8 22. b3 Qd7 23. Nc2 Bf6 24. Rce1 Bf5 25. Nd4 Bg6 26. Nf3 h6 27. Qb4 Bd3 28. Rxe8+ Rxe8 29. Re1 Bc2 30. Bxd6 Rxe1+ 31. Nxe1 Bd4+ 32. Kh1 Qf5 33. Nf3 Qd3 34. h3 Be3 35. Bg3 Bxb3 36. d6 Bxc4 37. Qe1 Bb5 38. Ne5 Qd2 39. Nf3 Qxe1+ 40. Bxe1 Bc5 41. Bg3 f6 42. Nd2 Kf7 43. Nb3 Be3 44. Be1 Ke6 45. Bb4 Kd5 0-1

[Event "56th Biel Festival MTO 2023"]
[White "Erdos,Viktor"]
[Black "Ajay Krishna,S."]
[Site "Biel"]
[Round "4.10"]
[Annotator "ChessBase"]
[Result "0-1"]
[Date "2023.07.20"]
[WhiteElo "2571"]
[BlackElo "2390"]
[PlyCount "70"]
[TimeControl "60"]

1. e4 c5 2. Nc3 Nc6 3. Bb5 Nd4 4. Nf3 e6 5. O-O a6 6. Bd3 Nc6 7. e5 Qc7 8. Re1 Nge7 9. Be4 Rb8 10. d4 cxd4 11. Nxd4 Ng6 12. Bxg6 hxg6 13. Nf3 b5 14. Bf4 Bb7 15. Ng5 Ne7 16. Nce4 Nf5 17. Qd2 Qc6 18. Rad1 Rd8 19. f3 Be7 20. Qf2 f6 21. Nh3 g5 22. Be3 g4 23. Nf4 gxf3 24. Bc5 Bxc5 25. Nxc5 Kf7 26. g4 Ne3 27. Nxb7 Nxg4 28. Nxd8+ Rxd8 29. Rd6 Qb7 30. Red1 Nxf2 31. Kxf2 Qe4 32. Kg3 f2 33. Nxe6 dxe6 34. Rxd8 Qe1 35. R1d7+ Kg6 0-1

[Event "56th Biel Festival MTO 2023"]
[White "Jain Kashish Manoj"]
[Black "Meshkovs,Nikita"]
[Site "Biel"]
[Round "4.11"]
[Annotator "ChessBase"]
[Result "1-0"]
[Date "2023.07.20"]
[WhiteElo "2375"]
[BlackElo "2565"]
[PlyCount "81"]
[TimeControl "60"]

1. e4 c5 2. Nf3 Nc6 3. Bb5 e6 4. Bxc6 bxc6 5. d3 Ne7 6. b3 Ng6 7. h4 h5 8. Bb2 d6 9. e5 dxe5 10. Nbd2 f6 11. g3 Ne7 12. Qe2 Nf5 13. O-O-O Be7 14. Rhe1 Qd5 15. Ne4 Nd4 16. Qe3 Rh6 17. Nfd2 Kf7 18. Nc4 Qd8 19. Ba3 Qf8 20. f3 Kg8 21. c3 Nb5 22. Bb2 Rb8 23. Kc2 Ba6 24. a4 Nc7 25. Ba3 Rg6 26. Qf2 Nd5 27. Bxc5 Bxc5 28. Nxc5 Bc8 29. Rg1 Qe7 30. Rde1 Bd7 31. b4 Rd8 32. g4 Nf4 33. Qe3 hxg4 34. fxg4 Rh6 35. g5 Rxh4 36. gxf6 Qxf6 37. Nxe5 Be8 38. Ref1 Bh5 39. Kb3 Rd5 40. d4 Qf5 41. Ncd3 1-0